[Event "SVK Extraliga 2017-18"]
[Site "Slovakia"]
[Date "2017.12.10"]
[Round "6"]
[White "Dobrotka, Martin"]
[Black "Pcola, Jaroslav"]
[Result "1-0"]
[ECO "A46"]
[WhiteElo "2195"]
[BlackElo "2113"]
[Annotator "NA"]
[PlyCount "68"]
[EventDate "2017.??.??"]
[EventType "team-tourn"]
[EventCountry "SVK"]
[SourceTitle "playchess.com"]
[Source "ChessBase"]
[SourceQuality "1"]
[TimeControl "40/5400+30:1800+30"]

1. d4 Nf6 2. Nf3 c5 3. c3 g6 4. g3 cxd4 5. cxd4 Bg7 6. Nc3 O-O 7. Bg2 d6 8. O-O Nc6 9. h3 Qa5 10. e4 Rb8 11. d5 Nd8 12. a3 b5 13. Bd2 Nd7 14. b4 Qa6 15. Qc1 Re8 16. Bh6 Bh8 17. Rd1 Qb6 18. Be3 Qb7 19. Nd4 a6 20. Nb3 Nb6 21. Na5 Qd7 22. Ra2 f6 23. Rc2 Nf7 24. f4 Rf8 25. Ne2 Nc4 26. Nxc4 bxc4 27. Rxc4 a5 28. Nd4 axb4 29. axb4 Qa4 30. b5 Qa8 31. Rd3 Nd8 32. Ra3 Qb7 33. Rc7 Qb6 34. Rxc8 Ra8 1-0

[Event "SVK Extraliga 2017-18"]
[Site "Slovakia"]
[Date "2017.12.10"]
[Round "6"]
[White "Lembak, Jurij"]
[Black "Jacko, Vladimir"]
[Result "0-1"]
[ECO "A40"]
[WhiteElo "2186"]
[BlackElo "2317"]
[Annotator "NA"]
[PlyCount "56"]
[EventDate "2017.??.??"]
[EventType "team-tourn"]
[EventCountry "SVK"]
[SourceTitle "playchess.com"]
[Source "ChessBase"]
[SourceQuality "1"]
[TimeControl "40/5400+30:1800+30"]

1. d4 g6 2. Nf3 Bg7 3. c3 Nf6 4. Bg5 d6 5. Nbd2 O-O 6. e3 h6 7. Bh4 Nc6 8. Bc4 Qe8 9. O-O e5 10. dxe5 dxe5 11. Qc2 Kh8 12. Rfe1 Nh5 13. e4 f5 14. exf5 gxf5 15. Bg3 Nxg3 16. hxg3 e4 17. Nh2 Ne5 18. Be2 Qg6 19. Nhf1 Be6 20. Rad1 Rae8 21. Qa4 a6 22. Qb4 Bc8 23. Qc5 Nc6 24. Nc4 b6 25. Qa3 f4 26. gxf4 Rxf4 27. Ng3 Rh4 28. Qb3 e3 0-1

[Event "SVK Extraliga 2017-18"]
[Site "Slovakia"]
[Date "2017.12.10"]
[Round "6"]
[White "Hlinka, Michal"]
[Black "Zambor, Norbert"]
[Result "1/2-1/2"]
[ECO "A46"]
[WhiteElo "2178"]
[BlackElo "2284"]
[Annotator "NA"]
[PlyCount "63"]
[EventDate "2017.??.??"]
[EventType "team-tourn"]
[EventCountry "SVK"]
[SourceTitle "playchess.com"]
[Source "ChessBase"]
[SourceQuality "1"]
[TimeControl "40/5400+30:1800+30"]

1. d4 Nf6 2. Nf3 e6 3. g3 c5 4. c3 Nc6 5. Bg2 d5 6. O-O Bd6 7. dxc5 Bxc5 8. b4 Bd6 9. a3 O-O 10. Nd4 Bd7 11. Bb2 Rc8 12. Nd2 Nxd4 13. cxd4 a5 14. Qb3 axb4 15. axb4 Qb6 16. Bc3 Bb5 17. Bf3 Rc6 18. Rfc1 Rfc8 19. e3 h6 20. Bg2 Be7 21. h3 Qd8 22. Qb2 Qc7 23. Ra3 Bd3 24. Bf1 Bxf1 25. Kxf1 Ne8 26. Rb3 b5 27. Nf3 f6 28. Ne1 Nd6 29. Nd3 Nc4 30. Qe2 Ra8 31. Nc5 f5 32. Rbb1 1/2-1/2

[Event "SVK Extraliga 2017-18"]
[Site "Slovakia"]
[Date "2017.12.10"]
[Round "6"]
[White "Macko, Michal"]
[Black "Krak, Tomas"]
[Result "1-0"]
[ECO "B24"]
[WhiteElo "2176"]
[BlackElo "2312"]
[Annotator "NA"]
[PlyCount "80"]
[EventDate "2017.??.??"]
[EventType "team-tourn"]
[EventCountry "SVK"]
[SourceTitle "playchess.com"]
[Source "ChessBase"]
[SourceQuality "1"]
[TimeControl "40/5400+30:1800+30"]

1. e4 c5 2. Nc3 Nc6 3. Bb5 e6 4. Bxc6 bxc6 5. d3 Ba6 6. b3 d5 7. Nge2 Nf6 8. f3 c4 9. dxc4 Qa5 10. Bd2 dxc4 11. Nd5 Qd8 12. Ne3 Bc5 13. b4 Bb6 14. Nc3 Nh5 15. g3 Qe7 16. Rb1 Rd8 17. Qe2 O-O 18. Ng2 Bd4 19. f4 Nf6 20. Nh4 c5 21. b5 Bb7 22. Nf3 Bxc3 23. Bxc3 Nxe4 24. Ba5 Rc8 25. O-O Bd5 26. Qe3 Qb7 27. a4 Nd6 28. Ne5 Nf5 29. Qf2 Nd4 30. Bc3 f6 31. Bxd4 cxd4 32. Nc6 e5 33. Qe2 Rxc6 34. bxc6 Qxc6 35. fxe5 Re8 36. Qh5 g6 37. Qh4 fxe5 38. Rb5 Bh1 39. Rf2 e4 40. Rf6 Qa8 1-0

[Event "SVK Extraliga 2017-18"]
[Site "Slovakia"]
[Date "2017.12.10"]
[Round "6"]
[White "Szucs, Vladimir"]
[Black "Franzen, Jozef"]
[Result "1/2-1/2"]
[ECO "E91"]
[WhiteElo "2114"]
[BlackElo "2261"]
[Annotator "NA"]
[PlyCount "77"]
[EventDate "2017.??.??"]
[EventType "team-tourn"]
[EventCountry "SVK"]
[SourceTitle "playchess.com"]
[Source "ChessBase"]
[SourceQuality "1"]
[TimeControl "40/5400+30:1800+30"]

1. d4 Nf6 2. c4 g6 3. Nc3 Bg7 4. e4 d6 5. Nf3 O-O 6. Be2 Nbd7 7. O-O e5 8. dxe5 dxe5 9. Qc2 c6 10. Rd1 Qe7 11. Be3 Nh5 12. Rab1 Nf4 13. Bf1 Re8 14. b4 Qf6 15. g3 Ne6 16. Be2 Bf8 17. a3 h6 18. Kg2 Kh7 19. h4 h5 20. Rd2 Be7 21. Rbd1 Ndf8 22. Qb2 Qg7 23. c5 f6 24. Bc4 Nc7 25. Ne2 Bg4 26. Ne1 Red8 27. Rxd8 Rxd8 28. Rxd8 Bxd8 29. Qd2 Qd7 30. Qxd7+ Nxd7 31. Nf3 Kg7 32. Nd2 Kf8 33. f3 Be6 34. Kf2 Ke7 35. Nc1 Nb5 36. Bxe6 Kxe6 37. Nc4 Bc7 38. Nb3 b6 39. Ke2 1/2-1/2

[Event "SVK Extraliga 2017-18"]
[Site "Slovakia"]
[Date "2017.12.10"]
[Round "6"]
[White "Hecko, Dusan"]
[Black "Magat, Jozef"]
[Result "0-1"]
[ECO "B17"]
[WhiteElo "2092"]
[BlackElo "2110"]
[Annotator "NA"]
[PlyCount "104"]
[EventDate "2017.??.??"]
[EventType "team-tourn"]
[EventCountry "SVK"]
[SourceTitle "playchess.com"]
[Source "ChessBase"]
[SourceQuality "1"]
[TimeControl "40/5400+30:1800+30"]

1. e4 c6 2. d4 d5 3. Nc3 dxe4 4. Nxe4 Nd7 5. Nf3 Ngf6 6. Ng3 Qc7 7. Bd3 e6 8. O-O Bd6 9. Re1 O-O 10. Qe2 Re8 11. Ne5 Nf8 12. Bd2 b6 13. Rad1 Bb7 14. c4 c5 15. Bc3 Rad8 16. dxc5 bxc5 17. Rd2 Ng6 18. Bxg6 hxg6 19. Red1 Be7 20. f3 Rxd2 21. Rxd2 Rd8 22. Rxd8+ Qxd8 23. Nd3 Qc7 24. Qe3 Bd6 25. Kf2 Ba8 26. b3 Kf8 27. Be5 Nd7 28. Bxd6+ Qxd6 29. h3 Ke7 30. Ne2 Bb7 31. a3 a5 32. Nc3 Bc6 33. Nb5 Bxb5 34. cxb5 Qd4 35. Qxd4 cxd4 36. b4 a4 37. Ke2 Kd6 38. f4 f6 39. Nb2 Nb6 40. Nd3 e5 41. fxe5+ fxe5 42. Nc5 Kd5 43. Kd3 Nc4 44. Nxa4 e4+ 45. Ke2 d3+ 46. Ke1 Nxa3 47. b6 Nc2+ 48. Kd2 Kd4 49. b7 e3+ 50. Kc1 e2 51. b8=Q e1=Q+ 52. Kb2 Qa1+ 0-1

[Event "SVK Extraliga 2017-18"]
[Site "Slovakia"]
[Date "2017.12.10"]
[Round "6"]
[White "Trebula, Jozef"]
[Black "Takacs, Laszlo"]
[Result "1/2-1/2"]
[ECO "B41"]
[WhiteElo "2069"]
[BlackElo "2241"]
[Annotator "NA"]
[PlyCount "47"]
[EventDate "2017.??.??"]
[EventType "team-tourn"]
[EventCountry "SVK"]
[SourceTitle "playchess.com"]
[Source "ChessBase"]
[SourceQuality "1"]
[TimeControl "40/5400+30:1800+30"]

1. e4 c5 2. Nf3 e6 3. d4 cxd4 4. Nxd4 a6 5. Be2 Nf6 6. Nc3 Bb4 7. Qd3 d5 8. exd5 Nxd5 9. Bd2 O-O 10. O-O Nf6 11. Rad1 e5 12. Nb3 Qxd3 13. Bxd3 Nc6 14. Ne4 Nd5 15. a3 Bxd2 16. Rxd2 Nf4 17. Re1 Nxd3 18. Rxd3 Bf5 19. Rd2 Bxe4 20. Rxe4 Rfd8 21. Kf1 Kf8 22. Ke1 Ke7 23. Rxd8 Rxd8 24. Nc5 1/2-1/2